 Dungeon Crawl Stone Soup version 0.32-a0-128-g77eb882913 (webtiles) character file.

Game seed: 18002026045450618586

30348 jasper the Summoner (level 13, -1/98 HPs)
             Began as a Mummy Summoner on Feb 7, 2024.
             Was an Initiate of Gozag.
             Slain by a swamp worm (8 damage)
             ... on level 3 of the Lair of Beasts on Feb 8, 2024.
             The game lasted 00:37:12 (18401 turns).

jasper the Summoner (Mummy Summoner)               Turns: 18401, Time: 00:37:13

Health: -1/98      AC: 14    Str: 12    XL:     13   Next: 20%
Magic:  4/26       EV: 23    Int: 22    God:    Gozag
Gold:   2003       SH: 10    Dex: 13    Spells: 2/30 levels left

rFire   + . .        O - +3 long sword (drain)
rCold   + . .        n - +0 buckler
rNeg    + + +        F - +3 leather armour {rF+}
rPois   ∞            p - +2 helmet
rElec   +            (no cloak)
rCorr   .            W - +2 pair of gloves
SInv    .            E - +1 pair of boots "Isoazaili" {*Slow rElec rN+ Int+4}
Will    +....        V - amulet "Xenosu" {Reflect rF+ SH+5}
Stlth   +            r - +5 ring of evasion
HPRegen 0.36/turn    b - +5 ring of evasion
MPRegen 0.20/turn

%: slow self (1%), reflection, faith
@: sluggish, forested, gold aura, unable to call your familiar, very slow
A: cold resistance 1, negative energy resistance 3, torment resistance 2, heat
vulnerability 1, in touch with death 2, no potions, faith
a: Renounce Religion, Potion Petition, Call Merchant, Bribe Branch


You were on level 3 of the Lair of Beasts.
You worshipped Gozag.
Gozag was most pleased with you.
You visited 2 branches of the dungeon, and saw 14 of its levels.
You also visited: Bailey.

You collected 4010 gold pieces.
You spent 1918 gold pieces at shops.
You paid 89 gold pieces to Gozag.

Inventory:

Hand Weapons
 d - a +0 short sword
 f - a +1 hand axe
 G - a +0 broad axe
 O - a +3 long sword of draining (weapon)
Missiles
 c - 169 stones
 e - 5 silver javelins
 C - a curare-tipped dart
Armour
 a - a +0 robe
 n - a +0 buckler (worn)
 p - a +2 helmet (worn)
 v - a +1 pair of boots
 E - the +1 pair of boots "Isoazaili" (worn) {*Slow rElec rN+ Int+4}
   (You acquired it in a bailey)

   Int+4:     It affects your intelligence (+4).
   rElec:     It insulates you from electricity.
   rN+:       It protects you from negative energy.
   *Slow:     It may slow you when you take damage.
 F - a +3 leather armour of fire resistance (worn)
 P - +0 swamp dragon scales
 W - a +2 pair of gloves (worn)
Jewellery
 b - a +5 ring of evasion (right hand)
 g - a ring of willpower
 o - an amulet of the acrobat
 r - a +5 ring of evasion (left hand)
 t - a ring of magical power
 u - the ring "Noklev" {rC+ rN+ Stlth+}
   (You took it off a wight on level 6 of the Dungeon)

   [ring of protection from cold]

   rC+:       It protects you from cold.
   rN+:       It protects you from negative energy.
   Stlth+:    It makes you more stealthy.
 z - an amulet of reflection
 D - a ring of resist corrosion
 I - a ring of see invisible
 N - a ring of fire
 Q - an amulet of regeneration
 U - an amulet of magic regeneration
 V - the amulet "Xenosu" (around neck) {Reflect rF+ SH+5}
   (You found it on level 2 of the Lair of Beasts)

   [amulet of reflection]

   Reflect:   It reflects blocked missile attacks.
   rF+:       It protects you from fire.
   SH+5:      It affects your SH (+5).
Wands
 h - a wand of polymorph (6)
 w - a wand of charming (25)
 x - a wand of acid (17)
 H - a wand of flame (14)
 R - a wand of iceblast (4)
Scrolls
 i - 4 scrolls of fog
 j - a scroll of fear
 k - a scroll of poison
 l - 7 scrolls of revelation
 m - 5 scrolls of vulnerability
 q - a scroll of teleportation
 s - 2 scrolls of noise
 y - 2 scrolls of blinking
 A - 3 scrolls of immolation
 J - a scroll of enchant armour
 K - 5 scrolls of identify
 L - a scroll of enchant weapon
 S - a scroll of summoning
Miscellaneous
 B - a tin of tremorstones (2/2)
 M - a phantom mirror
 T - a lightning rod (4/4)


   Skills:
 + Level 7.9 Fighting
 + Level 5.8 Dodging
 - Level 1.5 Stealth
 - Level 4.0 Shields
 - Level 9.2 Spellcasting
 - Level 6.0 Hexes
 * Level 13.0 Summonings
 - Level 6.0 Translocations
 - Level 3.0 Air Magic


You had 2 spell levels left.
You knew the following spells:

 Your Spells              Type           Power      Damage    Failure   Level
a - Summon Small Mammal   Summ           100%       N/A       1%          1
b - Summon Cactus Giant   Summ           30%        N/A       9%          6
c - Call Canine Familiar  Summ           61%        N/A       1%          3
d - Summon Lightning Spi  Summ/Air       45%        N/A       4%          4
e - Swiftness             Air            23%        N/A       11%         3
f - Summon Mana Viper     Hex/Summ       51%        N/A       6%          5
g - Summon Forest         Summ/Tloc      25%        N/A       6%          5
h - Apportation           Tloc           72%        N/A       1%          1

Your spell library contained the following spells:

 Spells                   Type           Power      Damage    Failure   Level
 Call Imp                 Summ           100%       N/A       1%          2
 Lesser Beckoning         Tloc           72%        N/A       1%          2
 Ensorcelled Hibernation  Hex/Ice        46%        N/A       5%          2
 Foxfire                  Conj/Fire      40%        2x1d6     12%         1
 Kiss of Death            Conj/Necr      88%        2d12      12%         1
 Necrotise                Necr           88%        1d8       12%         1
 Sting                    Conj/Alch      40%        1d5       12%         1
 Confusing Touch          Hex            36%        N/A       3%          3
 Gell's Gravitas          Tloc           36%        N/A       3%          3
 Teleport Other           Tloc           36%        N/A       3%          3
 Animate Armour           Summ/Erth      76%        N/A       8%          4
 Summon Blazeheart Golem  Fire/Summ      38%        N/A       8%          4
 Manifold Assault         Tloc           36%        N/A       10%         4
 Passage of Golubria      Tloc           36%        N/A       10%         4
 Dazzling Flash           Conj/Hex       46%        N/A       11%         3
 Vhi's Electric Charge    Tloc/Air       58%        N/A       19%         4
 Mephitic Cloud           Conj/Alch/Air  14%        N/A       24%         3
 Fugue of the Fallen      Necr           22%        N/A       34%         3
 Ozocubu's Armour         Ice            10%        N/A       34%         3
 Passwall                 Erth           10%        N/A       34%         3
 Silence                  Hex/Air        14%        N/A       45%         5
 Dispel Undead            Necr           22%        3d12      75%         4
 Petrify                  Alch/Erth      10%        N/A       75%         4
 Dispersal                Tloc           18%        N/A       83%         6
 Arcjolt                  Conj/Air       8%         1d18      87%         5
 Malign Gateway           Summ/Tloc      25%        N/A       89%         7
 Curse of Agony           Necr           22%        N/A       97%         5
 Irradiate                Conj/Alch      5%         3d13      97%         5
 Lee's Rapid Deconstruct  Erth           5%         3d6*      97%         5
 Plasma Beam              Fire/Air       8%         2x1d18    100%        6
 Starburst                Conj/Fire      5%         6d4       100%        6
 Haunt                    Necr/Summ      36%        N/A       100%        7
 Disjunction              Tloc           18%        N/A       100%        8
 Maxwell's Capacitive Co  Air            11%        ∞         100%        8
 Shatter                  Erth           5%         3d8*      100%        9
 Sublimation of Blood     Necr           Unusable   N/A       N/A         2
 Borgnjor's Revivificati  Necr           Unusable   N/A       N/A         8
 Death's Door             Necr           Unusable   N/A       N/A         9

Dungeon Overview and Level Annotations

Branches:
Dungeon (11/15)            Temple (0/1) D:6            Lair (3/5) D:11
 Spider (0/4) Lair:3          Orc (0/2) D:9          Bailey (visited)
  Swamp: Lair:2-3    Shoals: Lair:2-3

Altars:
Cheibriados
Dithmenos
Fedhas
Gozag
Hepliaklqana
Kikubaaqudgha
Nemelex Xobeh
Qazlal
Trog
Vehumet

Shops:
D:1 ?   D:2 (   D:5 *   D:8 !=   D:11 ?:

Annotations:
D:6 4 runed translucent doors
D:8 3 runed translucent doors, cforsyth's ghost, novice DjWr; lunkers's ghost, novice OnGl; pigah's ghost, novice OnCA


Innate Abilities, Weirdness & Mutations

You are immune to poison.
Your flesh is cold resistant. (rC+)
You are immune to negative energy. (rN+++)
You are immune to unholy pain and torment.
You are vulnerable to heat. (rF-)
You are strongly in touch with the powers of death.
You do not drink.
You have a special connection with the divine. (Faith)


Message History

The swamp worm bites you.
The four-headed hydra barely misses you.
The four-headed hydra bites you. The four-headed hydra bites you!
* * * LOW HITPOINT WARNING * * *
The four-headed hydra bites you!
* * * LOW HITPOINT WARNING * * *
The swamp worm bites you but does no damage.
You take 34 damage, and have 12/98 hp.
MASSIVE DAMAGE!!
You now have 3/26 mp.
Unknown command.
Blink to where?
Press: ? - help, Dir - move target Splash!
As you read the scroll of blinking, it crumbles to dust.
Your cactus giant misses the swamp worm.
The four-headed hydra is struck by your cactus giant's spines.
The four-headed hydra bites your cactus giant.
The four-headed hydra bites your cactus giant! x2
The four-headed hydra bites your cactus giant but does no damage.
Your mana viper bites the four-headed hydra!
The swamp worm fires a harpoon shot at you.
The harpoon shot misses you.
Your mana viper bites the four-headed hydra!
The four-headed hydra bites your mana viper! x2
The four-headed hydra barely misses your mana viper.
The four-headed hydra bites your mana viper!
Casting: Summon Mana Viper (dangerous; 6% risk of failure)
Confirm with . or Enter, or press ? or * to list all spells.
You don't have enough magic to cast this spell.
Your mana viper bites the four-headed hydra!!
Your mana viper bites the four-headed hydra!
The four-headed hydra dies!
You now have 2003 gold pieces (gained 30).
The swamp worm fires a harpoon shot at you.
The harpoon shot hits you!
* * * LOW HITPOINT WARNING * * *
You are yanked forward by the harpoon shot.
Splash!
The swamp worm bites you!
You die...
Your body crumbles into a pile of gold.

.≈## ≈≈#######≈ ## ##
≈≈#≈≈≈≈≈≈≈ #≈≈
≈≈≈≈≈≈##≈~≈#≈#≈≈≈ !≈#≈
≈≈≈≈♣.♣~P≈≈≈≈≈#≈
$~≈≈##≈#≈≈≈♣≈.~P≈♣≈≈≈
≈.~≈≈♣≈≈≈≈#P~.P~≈≈≈# ≈
#≈.P≈≈≈≈#≈≈≈@~~≈≈≈≈# ≈≈
#≈P.~≈≈≈≈≈≈w≈~~≈≈≈≈#
≈≈≈≈#≈#≈.~≈≈≈≈~P~~~#≈≈≈≈≈
≈ #≈≈≈≈~≈♣.~S≈C≈≈~##≈≈##≈
≈.~~?≈~.~.#~≈~~≈~≈≈≈≈≈≈≈
..~≈.~≈~~~#~≈~I.~~≈≈≈≈ ≈≈
~~..~≈.#~~~~~##~~P#≈♣≈ ≈
≈≈≈#≈≈≈≈.~$≈~≈#≈~..≈≈
≈≈≈≈≈≈#~≈.~♣≈≈≈≈≈$≈..≈


You could see a swamp worm (ally target), a friendly lightning spire (summoned),
a friendly mana viper (summoned) and a friendly cactus giant (summoned).

Vanquished Creatures
  Maggie (Lair:1)
  2 cane toads
  A rime drake (Lair:3)
  3 yaks
  A vampire mosquito (Lair:3)
  2 swamp worms (Lair:3)
  A water moccasin (D:8)
  2 orc warriors (Bailey)
  3 wolves (Lair:1)
  4 centaurs
  5 bullfrogs
  A scorpion (Lair:3)
  A wight (D:6)
  A howler monkey (D:6)
  2 jellies
  A gnoll bouda (D:6)
  5 adders
  An ufetubus (D:6)
  A ribbon worm (D:2)
  5 orcs
  6 endoplasms
  9 goblins
  4 hobgoblins
  4 jackals
  A quokka (D:2)
  5 ball pythons
  3 bats
  4 kobolds
  A rat (D:3)
80 creatures vanquished.

Vanquished Creatures (collateral kills)
  An orc warlord (Bailey)
  Erolcha (D:10)
  3 hydras (Lair:3)
  An alligator (Lair:3)
  A catoblepas (Lair:3)
  A boulder beetle (D:11)
  4 two-headed ogres
  An ugly thing (D:11)
  An orc knight (Bailey)
  2 cyclopes
  Maurice (D:9)
  2 black mambas
  8 cane toads
  3 komodo dragons
  A rime drake (Lair:1)
  4 trolls
  A polar bear (Lair:3)
  A hornet (D:8)
  A tyrant leech (Lair:3)
  5 blink frogs (Lair:2)
  Sigmund (D:3)
  3 slime creatures (D:11)
  2 shadows
  2 vampires
  A steam dragon (D:7)
  19 yaks
  A wyvern (D:9)
  A warg (D:9)
  A basilisk (Lair:1)
  9 vampire mosquitoes
  3 swamp worms
  5 water moccasins
  Duvessa (D:5)
  11 orc warriors
  An ogre (D:4)
  2 ice beasts (D:7)
  3 black bears (D:5)
  9 wolves (Lair:1)
  3 centaurs
  2 phantoms (D:6)
  Blork the orc (D:6)
  2 nameless horrors
  8 bullfrogs
  2 kobold brigands
  11 scorpions
  Dowan (D:5)
  3 killer bees (D:10)
  2 bombardier beetles (D:5)
  A howler monkey (D:6)
  2 lava snakes (D:8)
  2 hounds (D:6)
  2 jellies
  8 orc priests
  A sleepcap (D:6)
  Ijyb (D:5)
  3 iguanas
  7 orc wizards
  13 gnolls
  6 adders
  A white imp (D:6)
  5 ufetubi
  2 ribbon worms
  A dart slug (D:1)
  24 orcs
  5 ball pythons
  2 endoplasms
  5 giant cockroaches
  10 goblins
  15 hobgoblins
  2 jackals
  A quokka (D:1)
  2 bats
  3 frilled lizards (D:1)
  14 kobolds
  4 rats (D:1)
295 creatures vanquished.

Vanquished Creatures (others)
  4 snaplasher vines
4 creatures vanquished.

Grand Total: 379 creatures vanquished

Notes
Turn   | Place    | Note
-------+----------+-------------------------------------------
     0 | D:1      | jasper the Mummy Summoner began the quest for the Orb.
     0 | D:1      | Reached XP level 1. HP: 13/13 MP: 4/4
   366 | D:1      | Reached XP level 2. HP: 18/19 MP: 3/6
   376 | D:1      | Learned a level 2 spell: Call Imp
   752 | D:1      | Reached XP level 3. HP: 13/24 MP: 1/8
   756 | D:1      | Learned a level 3 spell: Call Canine Familiar
   838 | D:1      | Found Qosicw's Magic Scroll Shop.
  1026 | D:2      | Found a faded altar of an unknown god.
  1361 | D:2      | Found Raholergha's Antique Weapon Shop.
  2141 | D:3      | Reached skill level 4 in Summonings
  2351 | D:3      | Reached XP level 4. HP: 30/30 MP: 3/10
  2356 | D:3      | Learned a level 4 spell: Summon Lightning Spire
  2513 | D:3      | Noticed Sigmund
  2537 | D:3      | Killed Sigmund
  2538 | D:3      | Reached skill level 5 in Spellcasting
  2538 | D:3      | Reached skill level 1 in Air Magic
  2538 | D:3      | Reached XP level 5. HP: 35/35 MP: 4/12
  3167 | D:4      | Reached XP level 6. HP: 41/41 MP: 13/13
  3198 | D:4      | Reached skill level 5 in Summonings
  3413 | D:5      | Entered Level 5 of the Dungeon
  3413 | D:5      | Found a stormy altar of Qazlal.
  3468 | D:5      | Found an opulent altar of Gozag.
  3471 | D:5      | Found Gozag's Platinum Reserve.
  3484 | D:5      | Became a worshipper of Gozag Ym Sagoz the Greedy
  3711 | D:5      | Noticed Ijyb
  3727 | D:5      | Killed Ijyb
  3782 | D:5      | Noticed Duvessa
  3786 | D:5      | Noticed Dowan
  3790 | D:5      | Killed Duvessa
  3791 | D:5      | Reached XP level 7. HP: 46/46 MP: 9/14
  3791 | D:5      | Killed Dowan
  3792 | D:5      | Reached skill level 6 in Summonings
  3855 | D:5      | Learned a level 3 spell: Swiftness
  4172 | D:5      | Reached skill level 1 in Shields
  4307 | D:5      | Found a shadowy altar of Dithmenos.
  4800 | D:5      | Reached XP level 8. HP: 52/52 MP: 8/15
  5137 | D:6      | Noticed Blork the orc
  5154 | D:6      | Killed Blork the orc
  5155 | D:6      | Reached skill level 1 in Fighting
  5294 | D:6      | Found a staircase to the Ecumenical Temple.
  5342 | D:6      | Reached skill level 7 in Summonings
  5342 | D:6      | Found a large runed translucent door.
  5349 | D:6      | Noticed a manticore
  5366 | D:6      | Found a large runed translucent door.
  5372 | D:6      | Noticed a two-headed ogre
  5373 | D:6      | Found the dreamshard necklace {Acrobat *Dream}
  5427 | D:6      | Found a large runed translucent door.
  5427 | D:6      | Found a large runed translucent door.
  5746 | D:6      | Reached XP level 9. HP: 57/62 MP: 14/18
  5752 | D:6      | Learned a level 5 spell: Summon Mana Viper
  5772 | D:6      | Identified the ring "Noklev" {rC+ rN+ Stlth+}
  6049 | D:6      | Noticed a troll
  6073 | D:6      | Killed a troll
  6480 | D:7      | Found a radiant altar of Vehumet.
  6541 | D:7      | Reached skill level 8 in Summonings
  7310 | D:7      | Noticed a troll
  7715 | D:7      | Killed a troll
  7716 | D:7      | Reached skill level 9 in Summonings
  7987 | D:8      | Found a runed translucent gate.
  7989 | D:8      | Found a runed translucent gate.
  7990 | D:8      | Found a runed translucent gate.
  7991 | D:8      | Noticed cforsyth's ghost (novice DjWr)
  7991 | D:8      | Noticed pigah's ghost (novice OnCA)
  7991 | D:8      | Noticed lunkers's ghost (novice OnGl)
  8258 | D:8      | Found Ynkeneix's Jewellery Emporium.
  8569 | D:8      | Reached XP level 10. HP: 62/71 MP: 17/20
  8636 | D:8      | Reached skill level 10 in Summonings
  8724 | D:8      | Reached skill level 1 in Hexes
  8970 | D:8      | Found Naez Teg's Distillery.
  9130 | D:8      | Noticed a cyclops
  9139 | D:8      | Killed a cyclops
  9995 | D:9      | Noticed a two-headed ogre
  9996 | D:9      | Found a flagged portal.
 10009 | D:9      | Killed a two-headed ogre
 10010 | D:9      | Reached skill level 5 in Hexes
 10020 | D:9      | Learned a level 5 spell: Summon Forest
 10087 | Bailey   | Entered a bailey
 10948 | Bailey   | Reached skill level 1 in Translocations
 11057 | Bailey   | Noticed an orc knight
 11082 | Bailey   | Killed an orc knight
 11286 | Bailey   | Noticed an orc warlord
 11329 | Bailey   | Killed an orc warlord
 11330 | Bailey   | Reached XP level 11. HP: 77/77 MP: 2/21
 11525 | Bailey   | Acquired the +1 pair of boots "Isoazaili" {*Slow rElec rN+
                  | Int+4}
 11782 | D:9      | Found a hazy altar of Hepliaklqana.
 11841 | D:9      | Killed Maurice
 11842 | D:9      | Reached skill level 5 in Translocations
 11918 | D:9      | Found a staircase to the Orcish Mines.
 12139 | D:9      | Found a snail-covered altar of Cheibriados.
 12939 | D:9      | Learned a level 1 spell: Apportation
 12968 | D:10     | Entered Level 10 of the Dungeon
 12999 | D:10     | Found a blossoming altar of Fedhas.
 13003 | D:10     | Found a bloodstained altar of Trog.
 13003 | D:10     | Found a sparkling altar of Nemelex Xobeh.
 13003 | D:10     | Found an ancient bone altar of Kikubaaqudgha.
 13110 | D:10     | Noticed a two-headed ogre
 13122 | D:10     | Killed a two-headed ogre
 13353 | D:10     | Noticed Erolcha
 13359 | D:10     | Killed Erolcha
 13820 | D:10     | Got the Octavo of the Vector
 13891 | D:10     | Learned a level 6 spell: Summon Cactus Giant
 13910 | D:11     | Found Luckaah's Magic Scroll Emporium.
 13959 | D:11     | Noticed a white ugly thing
 13967 | D:11     | Killed a white ugly thing
 14075 | D:11     | Found Biniede's Book Emporium.
 14090 | D:11     | Bought the Secrets of the Translocated Gargoyle for 782
                  | gold pieces
 14251 | D:11     | Noticed a two-headed ogre
 14259 | D:11     | Killed a two-headed ogre
 14337 | D:11     | Noticed a two-headed ogre
 14346 | D:11     | Killed a two-headed ogre
 14352 | D:11     | Reached skill level 11 in Summonings
 14461 | D:11     | Found a staircase to the Lair.
 14470 | D:11     | Noticed a boulder beetle
 14476 | D:11     | Killed a boulder beetle
 14477 | D:11     | Reached skill level 5 in Fighting
 14486 | D:11     | Reached XP level 12. HP: 86/86 MP: 17/25
 14852 | D:11     | Bought a scroll of acquirement for 832 gold pieces
 14852 | D:11     | Bought a scroll of blinking for 120 gold pieces
 14852 | D:11     | Bought a scroll of enchant armour for 120 gold pieces
 14852 | D:11     | Bought a scroll of immolation for 64 gold pieces
 14852 | D:11     | Acquired 865 gold pieces
 15305 | Lair:1   | Entered Level 1 of the Lair of Beasts
 15708 | Lair:1   | Noticed Maggie
 15716 | Lair:1   | Killed Maggie
 16222 | Lair:1   | Reached skill level 12 in Summonings
 16992 | Lair:2   | Identified the amulet "Xenosu" {Reflect rF+ SH+5}
 17076 | Lair:2   | Reached skill level 5 in Dodging
 18019 | Lair:3   | Found a hole to the Spider Nest.
 18027 | Lair:3   | Gained mutation: You are strongly in touch with the powers
                  | of death. [Mummy growth]
 18027 | Lair:3   | Reached XP level 13. HP: 90/96 MP: 12/26
 18163 | Lair:3   | Identified the +0 falchion of Saltpetre {vamp, rN+ MP+9
                  | Dex+3 Stlth+}
 18254 | Lair:3   | Reached skill level 13 in Summonings
 18385 | Lair:3   | Found the crystal ball of Wucad Mu {*channel}
 18401 | Lair:3   | Slain by a swamp worm

Illustrated notes

Levels and vault maps discovered:
D:1:      nagdon_arrival_double_spiral, layout_loops_ring, serial_shops, shop
D:2:      layout_basic, dreamdust_ecumenical_altar_grove, serial_shops, shop
D:3:      layout_loops_cross, uniq_sigmund
D:4:      layout_basic, grunt_temple_overflow_champion_of_chaos,
          pdpol_wu_jian_five_deadly_venoms, lemuel_round_altar,
          minmay_joined_circles
D:5:      layout_basic, mainiacjoe_overflow_brackets,
          mainiacjoe_overflow_six_doors_small, nicolae_gozag_zags_fifth_avenue,
          amcnicky_mini_pool_small, uniq_ijyb, uniq_duvessa
D:6:      layout_loops_ring, minmay_temple_entry_enclosed_plants,
          enter_ossuary_2, minmay_hollow_rounded_squares, uniq_blork_the_orc
D:7:      layout_cave_pods, nicolae_vehumet_altar_sigil, minmay_small_thing
D:8:      layout_basic, serial_shops, nicolae_shop_window_shopping,
          gammafunk_ghost_cemetery, nicolae_inconvenience_store,
          kennysheep_just_a_vault
D:9:      layout_basic, cheibriados_altar_1, nicolae_hepliaklqana_hazy_memory,
          mainiacjoe_overflow_catwalk, erik_orc_4, enter_bailey_3, worms_lemuel,
          uniq_maurice
D:10:     layout_loops_cross, mainiacjoe_overflow_cross_hatched,
          grunt_temple_overflow_open, uniq_erolcha
D:11:     layout_loops_ring, lair_entry_dummy, serial_shops, shop,
          serial_bayou_pond_e, nicolae_stop_n_shop_1
Lair:1:   layout_cave_pods, serial_bayou_shore_b, uniq_maggie
Lair:2:   layout_regular_city, infiniplex_staircase_pool_2
Lair:3:   onia_ninara_swampy_vault, layout_hall_layers,
          mainiacjoe_swamp_entry_lozenge_pond, nicolae_spider_entry_non_spiders,
          grunt_forest_small_clearing_treed, uniq_snorg

Skill      XL: |  1  2  3  4  5  6  7  8  9 10 11 12 13 |
---------------+----------------------------------------+-----
Spellcasting   | 3 4 5 6 7 9 |  9.2
Summonings     | 4 5 6 7 9 10 11 12 13 | 13.0
Air Magic      | 1 2 3 |  3.0
Shields        | 3 4 |  4.0
Fighting       | 2 4 5 7 |  7.9
Hexes          | 6 |  6.0
Translocations | 4 6 |  6.0
Dodging        | 3 5 |  5.8
Stealth        | |  1.5

Action                     |  1- 3 |  4- 6 |  7- 9 | 10-12 | 13-15 || total
---------------------------+-------+-------+-------+-------+-------++-------
  Melee: Hand axe          |    59 |    62 |   161 |   176 |       ||   458
         Short sword       |     2 |       |       |       |       ||     2
         Punch             |     2 |       |       |       |       ||     2
         Long sword        |       |       |       |    45 |    14 ||    59
   Cast: Summon Small Mamm |    14 |     5 |       |       |       ||    19
         Call Imp          |    25 |    10 |     9 |     1 |       ||    45
         Call Canine Famil |     2 |     9 |    39 |    44 |     1 ||    95
         Summon Lightning  |       |     1 |    11 |    30 |     3 ||    45
         Swiftness         |       |       |     4 |     4 |     1 ||     9
         Summon Mana Viper |       |       |     1 |    35 |     4 ||    40
         Summon Forest     |       |       |       |     9 |     3 ||    12
         Summon Cactus Gia |       |       |       |     4 |     2 ||     6
  Evoke: Wand              |       |       |     1 |     1 |       ||     2
    Use: Scroll            |     3 |     1 |     7 |    10 |     1 ||    22
   Stab: Distracted        |     3 |       |     2 |     6 |     1 ||    12
         Sleeping          |     1 |     1 |     3 |       |       ||     5
 Armour: Robe              |    49 |    51 |    87 |    55 |       ||   242
         Leather armour    |       |       |       |    81 |    24 ||   105
  Dodge: Dodged            |    54 |   114 |   242 |   261 |    51 ||   722
  Block: Buckler           |       |    21 |    68 |   168 |    21 ||   278
         Reflection        |       |       |       |    12 |       ||    12

Table legend: (Time is in decaauts)
 A = Elapsed time spent in this place.
 B = Non-inter-level travel time spent in this place.
 C = Inter-level travel time spent in this place.
 D = Time resting spent in this place.
 E = Time spent auto-exploring this place.
 F = Levels seen in this place.
 G = Mean time per level.
                   A        B        C        D        E       F      G
               +--------+--------+--------+--------+--------+-----+--------+
         Total |  18691 |  18194 |    497 |   1441 |  12843 |  15 | 1246.1 |
       Dungeon |  13847 |  13419 |    428 |    878 |   9846 |  11 | 1258.8 |
          Lair |   3144 |   3076 |     68 |      0 |   2489 |   3 | 1048.0 |
        Bailey |   1699 |   1699 |      0 |    563 |    507 |   1 | 1699.0 |
               +--------+--------+--------+--------+--------+-----+--------+

Top non-repeatable levels by time:
     D:8: 1886 daAuts
     D:6: 1734 daAuts
  Bailey: 1699 daAuts
     D:9: 1526 daAuts
     D:5: 1469 daAuts
  Lair:1: 1455 daAuts
     D:7: 1415 daAuts
    D:11: 1265 daAuts
     D:2: 1146 daAuts
  Lair:2: 1114 daAuts
    D:10: 1093 daAuts
     D:1: 993 daAuts
     D:3: 842 daAuts
  Lair:3: 575 daAuts
     D:4: 474 daAuts
